[Event "*** Titled Tuesday 3|2 Blitz"]
[Site "Chess.com"]
[Date "2016.10.04"]
[Round "2"]
[White "ka1ser64"]
[Black "GianmarcoVaR"]
[Result "0-1"]
[WhiteElo "2261"]
[BlackElo "2382"]
[TimeControl "180+2"]
[EndTime "17:21:38 PDT"]
[Termination "GianmarcoVaR won by resignation"]

1. d4 Nf6 2. c4 e6 3. Nc3 Bb4 4.
e3 O-O 5. Ne2 d5 6. a3 Bd6 7.
Nf4 c6 8. Be2 Bxf4 9. exf4 dxc4 10. Bxc4 b6 11. O-O Ba6 12. Qe2 Bxc4 13. Qxc4 Qd6 14.
Be3 Nbd7 15. Rac1 Rac8 16. Rfd1 Nd5 17. Ne4 Qe7 18. Qa6 N7f6 19. Nd2 Rfd8 20. Nc4 Rc7 21.
Ne5 Rdc8 22. b4 Ne4 23. Rc2 Nd6 24. Rdc1 Qe8 25. Qa4 Nb5 26. Qb3 f6 27. Nc4 Qd7 28. a4 Nd6 29. Nb2 Nf5 30. h3 h5 31. Kh2 h4 32. Rc4 Qd6 33. a5 Nxf4 34. Kh1 Nd5 35. axb6 axb6 36. Bd2 Kf7 37. Qf3 Nde7 38. Bf4 Qd5 39.
Bxc7 Qxf3 40. gxf3 Rxc7 41. b5 Nd6 42. Rxc6 Nxc6 43.
Rxc6 Nxb5 44. Rxb6 Nxd4 45. Kg2 Ne2 46. Nd3 Rc3 47. Rb2 Nd4 48. Rd2 e5 49. Ne1 Ne6 50.
Nd3 Rxd3 0-1

[Event "*** Titled Tuesday 3|2 Blitz"]
[Site "Chess.com"]
[Date "2016.10.04"]
[Round "2"]
[White "kaitlyninc"]
[Black "michaelk123"]
[Result "0-1"]
[WhiteElo "1753"]
[BlackElo "2235"]
[TimeControl "180+2"]
[EndTime "17:21:41 PDT"]
[Termination "michaelk123 won by checkmate"]

1. d4 Nf6 2. Bf4 g6 3. e3 Bg7 4.
Nf3 O-O 5. c3 d6 6. Nbd2 c5 7. Bd3 Qb6 8. Qc2 Be6 9. Ng5 Bc8 10.
Nge4 Nbd7 11. O-O Nd5 12. Bg3 N7f6 13. a3 cxd4 14. cxd4 Bd7 15. Rac1 Rac8 16. Qb1 Bb5 17. Nxf6+ Nxf6 18. Bxb5 Qxb5 19. Qa2 Qd3 20. Nf3 Ne4 21. Rfd1 Qb5 22. Qb1 Nxg3 23. hxg3 Bf6 24. Rxc8 Rxc8 25. Nd2 d5 26. Rc1 Rc6 27. Nf3 Kg7 28. Rxc6 Qxc6 29. Kf1 Qc4+ 30. Ke1 e6 31. Nd2 Qb5 32. Qc2 Bd8 33.
f4 Ba5 34. b4 Bb6 35. Kf2 a5 36. Qc8 axb4 37. axb4 Qxb4 38. Nf3 Qb2+ 39. Kg1 Qe2 40. Qxb7 Qxe3+ 41. Kh2 Bxd4 42. Nxd4 Qxd4 43. Qe7 Qf6 44. Qa7 Qc3 45. Kh3 d4 46. Kg4 d3 47. Qb8 d2 48.
Qd8 h5+ 49. Kg5 Qxg3# 0-1

[Event "*** Titled Tuesday 3|2 Blitz"]
[Site "Chess.com"]
[Date "2016.10.04"]
[Round "2"]
[White "bugsbunny444"]
[Black "josiwales"]
[Result "1-0"]
[WhiteElo "2348"]
[BlackElo "2209"]
[TimeControl "180+2"]
[EndTime "17:21:57 PDT"]
[Termination "bugsbunny444 won by resignation"]

1. Nf3 Nf6 2. c4 g6 3. b4 Bg7 4. Bb2 O-O 5. g3 d5 6. cxd5 Nxd5 7. Bxg7 Kxg7 8. Qb3 Nc6 9. b5 Na5 10. Qb2+ f6 11.
d3 e5 12. Bg2 Be6 13. O-O Rf7 14. Rc1 c6 15. bxc6 Nxc6 16. Nbd2 Rc8 17. d4 exd4 18. Nxd4 Nxd4 19. Qxd4 Rxc1+ 20. Rxc1 Rd7 21. Qxa7 Ne7 22. Nb3 Rd1+ 23. Bf1 Rxc1 24. Nxc1 Qd1 25. Nb3 Bxb3 26. Qxb7 Bxa2 27. Qxe7+ Bf7 28. Kg2 Qd5+ 29. e4 Qe5 30. Qb7 f5 31. exf5 Qd5+ 32. Qxd5 Bxd5+ 33. f3 gxf5 34. Kf2 Kf6 35. Ke3 h5 36. h4 Ke5 37. Bd3 Ba8 38. Bb5 Bd5 39. Be8 Kf6 40. Bxh5 Bg8 41. Kf4 Bh7 42. Be8 Bg8 43. Bd7 Bh7 44. h5 Bg8 45.
Bxf5 Bd5 46. g4 Kg7 47. g5 1-0

[Event "*** Titled Tuesday 3|2 Blitz"]
[Site "Chess.com"]
[Date "2016.10.04"]
[Round "2"]
[White "cheese111"]
[Black "rithwik2002"]
[Result "0-1"]
[WhiteElo "2279"]
[BlackElo "1962"]
[TimeControl "180+2"]
[EndTime "17:22:00 PDT"]
[Termination "rithwik2002 won on time"]

1. e4 c5 2. Nf3 d6 3. Bb5+ Nd7 4.
O-O Nf6 5. Re1 a6 6. Bf1 b6 7. c3 Bb7 8. d3 g6 9. h3 Bg7 10. Bf4 e5 11. Be3 O-O 12. a4 d5 13. exd5 Nxd5 14.
Bg5 Qc7 15. Na3 f6 16. Bd2 Rad8 17. Nc4 Rfe8 18. Rc1 b5 19. Na3 Bc6 20. axb5 axb5 21. Qb3 Rb8 22. g3 Kh8 23. Bg2 b4 24. cxb4 Nxb4 25. d4 Bd5 26. Qe3 Na2 27. Rc2 Bb3 28. Rxc5 Nxc5 29. dxc5 Bf8 30. Rc1 Nxc1 31. Bxc1 Qxc5 32.
Qe1 Red8 33. Be3 Rd1 34. Qxd1 Bxd1 35. Bxc5 Bxc5 36. Nc4 Bxf3 37. Bxf3 Rd8 38. Kf1 Rd4 39. Be2 e4 40. Ke1 Bb4+ 41. Kf1 f5 42. h4 Kg7 43. Kg2 Kf6 44. Kf1 Ke6 45. b3 Rd7 46. f3 exf3 47. Bxf3 Ra7 48. Be2 Ra1+ 49. Kf2 Bc5+ 50. Kf3 Rb1 51.
Na5 Bb6 0-1

[Event "*** Titled Tuesday 3|2 Blitz"]
[Site "Chess.com"]
[Date "2016.10.04"]
[Round "2"]
[White "AllStarShark"]
[Black "MaestroASK"]
[Result "0-1"]
[WhiteElo "2278"]
[BlackElo "2452"]
[TimeControl "180+2"]
[EndTime "17:22:13 PDT"]
[Termination "MaestroASK won by checkmate"]

1. d4 d6 2. Nf3 g6 3. c4 Bg7 4.
Nc3 e5 5. e3 f6 6. Be2 Nh6 7.
b3 Nf7 8. Bb2 O-O 9. h4 h5 10.
Qd2 c6 11. O-O-O Qe7 12. dxe5 dxe5 13. Kb1 Bf5+ 14. e4 Be6 15. Qc1 Re8 16. Ba3 Qc7 17. Rd3 Nd7 18. Rhd1 Rad8 19. Qd2 Bh6 20. Qc2 Bf8 21.
Bxf8 Nxf8 22. R1d2 Rxd3 23. Rxd3 Nd7 24. Rd1 Qb6 25. Bf1 Nc5 26. Ne1 Rd8 27. Rxd8+ Nxd8 28. Nd3 Nf7 29. Nxc5 Qxc5 30. Na4 Qd4 31. Qd3 Qxf2 32. g3 Kg7 33. Nc3 Qd4 34. Qxd4 exd4 35. Na4 b6 36. c5 b5 37. Nb2 Ne5 38. Kc2 Bg4 39. b4 Bf3 40. Bd3 g5 41. a4 a6 42. axb5 axb5 43. Kd2 Kf7 44. Bc2 Ke7 45. Bd1 Bxd1 46. Kxd1 gxh4 47.
gxh4 Ng6 48. Kd2 Nxh4 49. Kd3 Nf3 50. Nd1 h4 51. Nf2 Ke6 52. Ke2 Ne5 53. Nh3 f5 54. Nf4+ Kf6 55. exf5 Kxf5 56. Nh3 Kg4 57. Nf2+ Kg3 58.
Ne4+ Kg2 59. Nd2 h3 60. Nb3 d3+ 61. Ke3 h2 62. Nd2 h1=Q 63. Kd4 Nf3+ 64. Nxf3 Kxf3 65.
Kxd3 Qc1 66. Kd4 Qc4+ 67. Ke5 Qxb4 68. Kd6 Qe4 69. Kc7 b4 70. Kb6 b3 71. Ka5 b2 72.
Kb6 b1=Q+ 73. Kc7 Qb5 74. Kc8 Qxc5 75. Kd7 Qee7+ 76. Kc8 Qf5+ 77. Kb8 Qff8# 0-1

[Event "*** Titled Tuesday 3|2 Blitz"]
[Site "Chess.com"]
[Date "2016.10.04"]
[Round "2"]
[White "FearlessKing64"]
[Black "nonscitis"]
[Result "0-1"]
[WhiteElo "2198"]
[BlackElo "2320"]
[TimeControl "180+2"]
[EndTime "17:22:28 PDT"]
[Termination "nonscitis won by resignation"]

1. e4 c5 2. Nf3 d6 3. d4 cxd4 4. Nxd4 Nf6 5. f3 e6 6. c4 Nc6 7.
Be3 Be7 8. Nc3 O-O 9. Be2 a6 10. O-O Nxd4 11. Bxd4 e5 12. Be3 Be6 13. Rc1 Rc8 14. b3 Qc7 15. Qd2 Rfd8 16. Rfd1 Nd7 17. Bf1 Nc5 18. Qf2 h6 19. h3 Bg5 20. Bxg5 hxg5 21.
h4 gxh4 22. Qxh4 Qb6 23. Kh2 Nd7 24. Qe1 Nf6 25. Na4 Qc7 26. Qe3 Nh5 27. g3 Nf6 28.
Nb6 Rb8 29. Be2 Qe7 30. Kg2 Nh7 31. Rh1 Qg5 32. Qf2 Nf6 33. Rc2 Nh5 34. Kh2 g6 35. Bd1 Kg7 36. f4 exf4 37. Bxh5 fxg3+ 38. Qxg3 Qxh5+ 39.
Kg2 Qe5 40. Rd2 Qxe4+ 41. Qf3 Qxf3+ 42. Kxf3 Kf6 43. Rhd1 a5 44. Rxd6 Rxd6 45. Rxd6 Ke7 46. Rd2 Rd8 47. Re2 Kf6 48. Na4 Rd4 49. Nc5 Bg4+ 50.
Ke3 Bxe2 51. Kxd4 Bf3 52. Ke3 Bc6 53. a3 b6 54. Nd3 Kf5 55. b4 axb4 56. axb4 g5 57. c5 bxc5 58. Nxc5 Kg4 59. Kf2 f5 60. Nd3 Kh3 61. Ne5 Bb5 62. Kg1 g4 63. Ng6 Kg3 64. Ne7 f4 65. Nd5 f3 66. Ne3 f2+ 67. Kh1 Bc6+ 0-1

[Event "*** Titled Tuesday 3|2 Blitz"]
[Site "Chess.com"]
[Date "2016.10.04"]
[Round "2"]
[White "BillieKimbah"]
[Black "dretch"]
[Result "0-1"]
[WhiteElo "2509"]
[BlackElo "2648"]
[TimeControl "180+2"]
[EndTime "17:22:45 PDT"]
[Termination "dretch won by checkmate"]

1. d4 d5 2. Bf4 c5 3. e3 Nc6 4. c3 Nf6 5. Nf3 Qb6 6. Qb3 c4 7.
Qc2 Bf5 8. Qc1 e6 9. Be2 Be7 10. h3 O-O 11. Nbd2 Rfc8 12. O-O Qd8 13. Nh4 Be4 14.
Nhf3 b5 15. Nxe4 Nxe4 16. Nd2 Nd6 17. Bf3 f5 18. b3 Na5 19. b4 Nc6 20. a4 bxa4 21.
Bxd6 Bxd6 22. Rxa4 a5 23. bxa5 Rxa5 24. Rxa5 Qxa5 25.
Qc2 Na7 26. g4 g6 27. gxf5 gxf5 28. Kh1 Kh8 29. Rg1 Nb5 30. Nb1 Qd8 31. Bxd5 exd5 32. Qxf5 Nc7 33. Nd2 Qf8 34. Qg4 Re8 35. Nf3 Re4 36.
Qg2 Re7 37. Qg4 Rg7 38. Qh5 Rxg1+ 39. Kxg1 Qe8 40. Qh4 Qg6+ 41. Kf1 Qd3+ 42. Kg2 Qg6+ 43. Kf1 Ne6 44. Qg4 Kg7 45. Nh4 Qxg4 46. hxg4 Kf6 47.
f4 Bc7 48. Ke2 Ba5 49. Kd2 Nc7 50. g5+ Kf7 51. Kc2 Nb5 52. Nf3 Ke6 53. Ne5 Bxc3 54.
Nc6 Be1 55. Nd8+ Kd7 56. Nf7 Ke7 57. Ne5 Ke6 58. Nf3 Bb4 59. Nh4 Nd6 60. Nf3 Nf5 61. Ne5 Nxe3+ 62. Kc1 c3 63. Nc6 Ba3+ 64. Kb1 c2+ 65.
Ka2 c1=Q 66. Nd8+ Kd7 67. Nb7 Qb2# 0-1

[Event "*** Titled Tuesday 3|2 Blitz"]
[Site "Chess.com"]
[Date "2016.10.04"]
[Round "2"]
[White "chito89"]
[Black "Mornar1951"]
[Result "1-0"]
[WhiteElo "2566"]
[BlackElo "2578"]
[TimeControl "180+2"]
[EndTime "17:22:48 PDT"]
[Termination "chito89 won by resignation"]

1. e4 e5 2. Nf3 Nf6 3. Nxe5 d6 4.
Nf3 Nxe4 5. Bd3 Nf6 6. O-O Be7 7. Re1 O-O 8. c3 Bg4 9. Bc2 Re8 10. d4 Bf8 11.
Be3 Nbd7 12. Nbd2 Nb6 13. h3 Bh5 14. c4 c6 15. Bd3 d5 16. c5 Nbd7 17. Qc2 Bg6 18.
Bxg6 hxg6 19. Bf4 Qa5 20. b4 Qa6 21. Be3 b6 22. a4 Ne4 23. b5 Qb7 24. Rab1 bxc5 25.
dxc5 Ndxc5 26. Nxe4 dxe4 27. Ng5 Nd3 28. bxc6 Nxe1 29. cxb7 Nxc2 30. bxa8=Q Rxa8 31. Rb7 Nxe3 32. fxe3 Bc5 33. Kf2 Rd8 34. Nxe4 Bb6 35. Ng5 Rd5 36. Rb8+ Rd8 37. Rb7 Rd5 38. h4 f6 39. Ne6 Bxe3+ 40. Kf3 Bh6 41. Rxa7 Re5 42. Ra8+ Kf7 43. Nd8+ Kf8 44. Nc6+ Re8 45. Rxe8+ Kxe8 46. Ke4 Kd7 47. Kd5 Be3 48. g4 Bf2 49. h5 f5 50. hxg6 fxg4 51.
Ne5+ Ke7 52. Nxg4 Ba7 53. a5 Bg1 54. a6 Ba7 55. Kc6 Ke6 56. Kb7 Bc5 57. Nh2 Kf5 58.
Nf3 Kxg6 59. Ne5+ Kf5 60. Nd7 g5 61. Nxc5 g4 62. a7 g3 63. a8=Q g2 64. Qg8 1-0

[Event "*** Titled Tuesday 3|2 Blitz"]
[Site "Chess.com"]
[Date "2016.10.04"]
[Round "2"]
[White "Noukii"]
[Black "pKiLz5Rn9b"]
[Result "0-1"]
[WhiteElo "2602"]
[BlackElo "2507"]
[TimeControl "180+2"]
[EndTime "17:22:57 PDT"]
[Termination "pKiLz5Rn9b won by resignation"]

1. d4 e6 2. Nf3 Nf6 3. c4 b6 4. Nc3 Bb4 5. Bg5 Bb7 6. e3 h6 7. Bh4 Bxc3+ 8. bxc3 d6 9. Nd2 Nbd7 10. f3 e5 11. e4 g5 12. Bf2 Qe7 13. Bd3 Rg8 14. Nf1 Nf8 15. Ne3 Bc8 16. O-O Ng6 17. c5 Nf4 18.
cxd6 cxd6 19. Bb5+ Kf8 20. Kh1 Be6 21. Re1 h5 22. Bf1 g4 23. Bh4 Rg6 24. Nf5 Qc7 25. g3 Nh3 26. Bxh3 gxh3 27. Qd2 Rc8 28. Rac1 Ne8 29.
Ne3 Qb7 30. d5 Bd7 31. f4 exf4 32. gxf4 Bg4 33. Nxg4 Rxg4 34. Bg3 Nf6 35. Qd4 Qe7 36. e5 dxe5 37. Rxe5 Qd6 38. c4 h4 39. Bf2 Re8 40. Rg1 Rxe5 41. Qxe5 Qe7 42. Bd4 Rxg1+ 43. Kxg1 Qxe5 44.
fxe5 Ng4 45. c5 bxc5 46. Bxc5+ Ke8 47. e6 fxe6 48. dxe6 a6 49. a4 Kd8 50. Bd6 Ne3 51. Kf2 Nc4 52. Bc5 Nb2 53. a5 Nd3+ 54. Kf3 Nxc5 55. Kg4 Nb7 56. Kxh4 Nxa5 57. Kxh3 Nc4 58. Kg4 Ke7 59. Kf5 a5 60. Ke4 a4 61. Kd4 a3 62. Kc3 Kxe6 63. Kb3 Kf5 64. Ka2 Kg4 65. Kb3 Kh3 66. Ka2 Kxh2 67. Kb3 Kg3 68. Ka2 Kf3 69. Kb3 Ke3 70. Ka2 Kd4 71. Kb3 Kd3 72. Ka2 Kc2 73. Ka1 Kb3 74. Kb1 Na5 75. Ka1 Nc6 76. Kb1 Nb4 77. Ka1 Nc2+ 78. Kb1 0-1

[Event "*** Titled Tuesday 3|2 Blitz"]
[Site "Chess.com"]
[Date "2016.10.04"]
[Round "2"]
[White "MFBerna"]
[Black "WanderingPuppet"]
[Result "0-1"]
[WhiteElo "2157"]
[BlackElo "2303"]
[TimeControl "180+2"]
[EndTime "17:23:30 PDT"]
[Termination "WanderingPuppet won by checkmate"]

1. d4 Nf6 2. c4 g6 3. Nc3 Bg7 4.
e4 d6 5. Nf3 O-O 6. Be2 Nbd7 7.
O-O e5 8. d5 Nc5 9. Qc2 a5 10. b3 Nh5 11. g3 h6 12. Nh4 Nf4 13.
Ng2 Nh3+ 14. Kh1 f5 15. f3 c6 16. Ba3 fxe4 17. Nxe4 Nxe4 18. Qxe4 Bf5 19. Qe3 cxd5 20. cxd5 Rc8 21. Rac1 Qd7 22. Nh4 Ng5 23. Nxf5 Rxc1 24. Nxh6+ Bxh6 25. Bxc1 Kg7 26. Qb6 Rc8 27. Bb5 Qe7 28.
h4 Nf7 29. Bxh6+ Nxh6 30. Bd3 Rc3 31. Be4 Qd7 32. Kg2 Ng8 33. Rf2 Nf6 34. Qxa5 Rc1 35. Qd2 Ra1 36. Qb2 Re1 37. Qc3 Rxe4 38. fxe4 Nxe4 39.
Qf3 Nxf2 40. Kxf2 Qc7 41. a4 Qc2+ 42. Kg1 Qc1+ 43. Kg2 Qc2+ 44. Kh3 e4 45. Qf4 Qd1 46. Qxe4 Qf1+ 47. Kg4 Qf6 48. Qf4 Qc3 49. b4 Qc2 50. a5 Qd1+ 51. Qf3 Qd4+ 52. Kh3 Qxb4 53. Qe3 Qc5 54. Qe7+ Kh6 55. Qf8+ Kh7 56. Qf7+ Kh6 57.
Qf8+ Kh7 58. Qe7+ Kh6 59. Qxb7 Qxa5 60. Qf7 Qe1 61. Qf4+ Kh7 62. Qxd6 Qh1+ 63. Kg4 Qe4+ 64. Kg5 Qf5# 0-1

[Event "*** Titled Tuesday 3|2 Blitz"]
[Site "Chess.com"]
[Date "2016.10.04"]
[Round "2"]
[White "GGuseinov"]
[Black "iturrizaga"]
[Result "1/2-1/2"]
[WhiteElo "2550"]
[BlackElo "2571"]
[TimeControl "180+2"]
[EndTime "17:23:32 PDT"]
[Termination "Game drawn by agreement"]

1. e4 c5 2. Nf3 g6 3. d4 cxd4 4. Qxd4 Nf6 5. Nc3 Nc6 6. Qa4 Bg7 7. e5 Ng8 8. Bf4 f6 9. exf6 Nxf6 10. O-O-O O-O 11. Bc4+ Kh8 12. Rhe1 a6 13. Bb3 Qb6 14. Be3 Qc7 15. Qh4 e6 16. Bf4 Qa5 17. Bd6 Re8 18.
Ng5 h6 19. Nf7+ Kh7 20. g4 Ne7 21. f4 Neg8 22. Ng5+ Kh8 23. Nf7+ Kh7 24. Kb1 Bf8 25.
Be5 Be7 26. g5 Nh5 27. Rg1 Rf8 28. Nd6 hxg5 29. Rxg5 Bxg5 30. Qxg5 Qd8 31. Qg4 Nh6 32. Qg2 Nf5 33. Nce4 Nxd6 34. Ng5+ Kh6 35. Bxd6 Rf5 36.
h4 a5 37. c3 Ra6 38. Bc2 Rxd6 39. Rxd6 Nxf4 40. Qd2 Rf6 41. Nxe6 Qe7 42. Rd4 dxe6 43. Rxf4 Kg7 44. b3 e5 45. Rxf6 Qxf6 46. Qg5 Bf5 47. Bxf5 Qxf5+ 48. Kc1 Qf1+ 49. Kd2 Qf2+ 50. Kd3 Qf3+ 51.
Kd2 Qf2+ 52. Kd3 Qf3+ 53. Qe3 Qd5+ 54. Ke2 Qg2+ 55. Kd3 Kf6 56. Qb6+ Kf5 57. Qxa5 Qe4+ 58. Kd2 Qxh4 59. Qd5 Qf2+ 60. Kd3 Qf1+ 61. Kd2 Qf2+ 62. Kd3 Qf1+ 63. Kd2 1/2-1/2

[Event "*** Titled Tuesday 3|2 Blitz"]
[Site "Chess.com"]
[Date "2016.10.04"]
[Round "2"]
[White "Fins0905"]
[Black "psv98"]
[Result "0-1"]
[WhiteElo "2473"]
[BlackElo "2609"]
[TimeControl "180+2"]
[EndTime "17:23:58 PDT"]
[Termination "psv98 won by resignation"]

1. d4 g6 2. e4 Bg7 3. Nc3 d6 4. Nf3 a6 5. a4 Nf6 6. Be2 O-O 7. O-O Bg4 8. Be3 Nc6 9. Qd2 e5 10.
dxe5 dxe5 11. Rad1 Bxf3 12. Bxf3 Qe7 13. Bg5 Nd4 14. Nd5 Qd6 15. Nxf6+ Bxf6 16. Bg4 h5 17.
Bh3 Rad8 18. Kh1 Qe7 19. Bxf6 Qxf6 20. Qc3 c6 21. Qc4 b5 22. axb5 cxb5 23. Qd3 Ne6 24.
Qe3 Nf4 25. Bd7 Qe7 26. Bh3 Rxd1 27. Rxd1 Rd8 28. Rd2 Kg7 29. Kg1 a5 30. Kf1 b4 31.
b3 Rxd2 32. Qxd2 Nxh3 33. gxh3 Qh4 34. Qe3 Qf4 35. Qc5 Qxh2 36. Qxa5 Qh1+ 37. Ke2 Qxe4+ 38. Kf1 Qh1+ 39. Ke2 Qe4+ 40. Kf1 g5 41. Qc5 Kg6 42. Qd6+ f6 43. Qf8 Qh1+ 44. Ke2 Qe4+ 45. Kf1 Kf5 46. Qh6 Qh1+ 47. Ke2 Qe4+ 48. Kd2 Qf3 49. Ke1 Qxh3 50. Qh8 Qh1+ 51. Kd2 Qd5+ 52. Ke1 h4 53. Qh6 Qe4+ 54. Kd2 Qd4+ 55. Ke1 Ke6 56. Qh7 Qa1+ 57. Ke2 Qd4 58. Qg8+ Kf5 59. Qh8 e4 60. Qh6 Qd7 61. Qh8 Qb5+ 62.
Ke1 Qd7 63. Qh5 Kf4 64. Qe2 Qd4 65. Qb5 f5 66. Qb8+ Kg4 67. Qh2 Qc3+ 68. Kd1 Qf3+ 69.
Ke1 h3 70. Qc7 e3 71. Qc4+ Qe4 72. Qe2+ Kf4 73. Kd1 Qh1+ 0-1

[Event "*** Titled Tuesday 3|2 Blitz"]
[Site "Chess.com"]
[Date "2016.10.04"]
[Round "2"]
[White "Tarlev_Konstantin"]
[Black "hardingstoptry"]
[Result "1-0"]
[WhiteElo "2582"]
[BlackElo "2460"]
[TimeControl "180+2"]
[EndTime "17:26:33 PDT"]
[Termination "Tarlev_Konstantin won by resignation"]

1. c4 e6 2. Nf3 d5 3. g3 Nf6 4. Bg2 c5 5. cxd5 exd5 6. d4 Nc6 7. O-O Be7 8. Nc3 O-O 9. Bg5 h6 10. Bxf6 Bxf6 11. dxc5 Be6 12. Rc1 Rc8 13. a3 b6 14. cxb6 Qxb6 15. b4 Nxb4 16. Na4 Rxc1 17. Qxc1 Qa5 18. axb4 Qxa4 19. Qf4 a5 20. bxa5 Qxa5 21.
Nd4 Bg5 22. Qf3 Qa6 23. Nxe6 fxe6 24. Qg4 Rd8 25. e3 d4 26. exd4 Qc4 27. Rd1 Bf6 28. Bf1 Qb3 29. Bh3 Rd6 30. Bf1 Rd8 31. h4 Qd5 32. Bg2 Qf5 33. Qe2 Rxd4 34. Re1 Rd6 35.
Be4 Qe5 36. Qf3 Qd4 37. Kg2 Qc5 38. Re2 Qc7 39. Rc2 Qe7 40. Qh5 Rd8 41. Qg6 Qf7 42. Qh7+ Kf8 43. Bf3 e5 44. Qe4 Qd7 45. Rc6 Qd3 46.
Qb4+ Kg8 47. Qg4 Rd4 48. Rc8+ Kh7 49. Qe6 Rd8 50. Qg4 Rd4 51. Qe6 Rd8 52. Rc7 Kh8 53. Qg4 Rd4 54. Qe6 Rd6 55. Qe8+ Kh7 56. Rc8 Rd7 57. Qg8+ Kg6 58. h5+ Kg5 59. Qe6 Rd4 60.
Rf8 Qf5 61. Qc6 Rd2 62. Qc1 Qd3 63. Qh1 Qd4 64. Qe1 e4 65. Bxe4 Rxf2+ 66. Qxf2 Qxe4+ 67. Kh2 Kxh5 68. Rb8 Kg6 69. Rb5 Kh7 70. Rb3 Qe5 71. Rf3 Qd4 72. Qc2+ Kg8 73. Rb3 Qe5 74. Ra3 Kf7 75.
Ra7+ Kg8 76. Ra8+ Kf7 77. Qb3+ Kg6 78. Qd3+ Kg5 79. Ra2 h5 80. Rf2 Qc3 81. Qf5+ Kh6 82. Qe6 Qd4 83. Re2 Qc3 84. Qe8 Qd4 85. Qh8+ Kg6 86. Qe8+ Kh6 87. Qb5 Qc3 88. Qf5 Qd4 89.
Rf2 Qc3 90. Kh3 Qe5 91. Qc8 Qd4 92. Kg2 Qd5+ 93. Kh2 Qd4 94. Qc1+ Bg5 95. Qf1 Bf6 96. Qe2 Qe5 97. Qf3 Qd4 98. Re2 Qc3 99. Qf4+ Bg5 100. Re6+ Kh7 101. Qxg5 Qc2+ 102. Kh3 1-0

[Event "*** Titled Tuesday 3|2 Blitz"]
[Site "Chess.com"]
[Date "2016.10.04"]
[Round "3"]
[White "josiwales"]
[Black "theprosecution1"]
[Result "0-1"]
[WhiteElo "2206"]
[BlackElo "2467"]
[TimeControl "180+2"]
[EndTime "17:30:49 PDT"]
[Termination "theprosecution1 won by resignation"]

1. e4 c5 2. Nc3 Nc6 3. g3 g6 4.
Bg2 Bg7 5. d3 d6 6. Be3 Nd4 7.
Qd2 Qa5 8. f4 e6 9. Nf3 Ne7 10.
O-O Nec6 11. Rae1 O-O 12. g4 Bd7 13. h4 f5 14. g5 fxe4 15. dxe4 Rae8 16. h5 gxh5 17.
Nh4 Ne7 18. Qd1 Ng6 19. Qxh5 Nxc2 20. Nxg6 hxg6 21. Qxg6 Nxe1 22. Rxe1 Re7 23. Kf2 Be8 0-1

[Event "*** Titled Tuesday 3|2 Blitz"]
[Site "Chess.com"]
[Date "2016.10.04"]
[Round "3"]
[White "awb2000"]
[Black "elefante33"]
[Result "0-1"]
[WhiteElo "2435"]
[BlackElo "2482"]
[TimeControl "180+2"]
[EndTime "17:31:13 PDT"]
[Termination "elefante33 won by resignation"]

1. Nf3 c5 2. c3 d5 3. d4 cxd4 4.
cxd4 Nf6 5. Nc3 Nc6 6. h3 e6 7.
Bg5 Qb6 8. Rb1 Ne4 9. e3 Bb4 10.
Rc1 Qa5 11. Qb3 Bd7 12. Bd3 Nxd4 13. exd4 Ba4 14. Bb5+ Qxb5 15. Bd2 Nxc3 0-1

[Event "*** Titled Tuesday 3|2 Blitz"]
[Site "Chess.com"]
[Date "2016.10.04"]
[Round "3"]
[White "FearNoEvil12"]
[Black "Iwannabetheguy"]
[Result "0-1"]
[WhiteElo "2020"]
[BlackElo "2004"]
[TimeControl "180+2"]
[EndTime "17:31:48 PDT"]
[Termination "Iwannabetheguy won by resignation"]

1. e4 e5 2. d4 exd4 3. Bc4 Nc6 4.
Nf3 Nf6 5. e5 d5 6. Bb5 Ne4 7.
Nxd4 Bc5 8. O-O O-O 9. Nxc6 bxc6 10. Bxc6 Ba6 11. Qxd5 Bxf1 12. Qxe4 Ba6 13. Nc3 Rb8 14. Bf4 Rxb2 15. Rd1 Qb8 16. Na4 Rb1 17. Qe1 Rxd1 18.
Qxd1 Be7 19. Nc3 Rd8 20. Qf3 Qb2 21. g3 Qa1+ 22. Kg2 Bf1+ 23. Kg1 Bh3+ 0-1

[Event "*** Titled Tuesday 3|2 Blitz"]
[Site "Chess.com"]
[Date "2016.10.04"]
[Round "3"]
[White "Rating-Schmating"]
[Black "Kawhi_Leonard2"]
[Result "0-1"]
[WhiteElo "2219"]
[BlackElo "2016"]
[TimeControl "180+2"]
[EndTime "17:32:06 PDT"]
[Termination "Kawhi_Leonard2 won by resignation"]

1. e4 c5 2. Nf3 d6 3. d4 cxd4 4. Nxd4 Nf6 5. Nc3 g6 6. Be2 Bg7 7. Be3 O-O 8. O-O Nc6 9. f4 Qb6 10. Na4 Qa5 11. Nxc6 bxc6 12. Nc3 Rb8 13. Rb1 Be6 14.
a3 Rxb2 15. Rxb2 Qxc3 16. Qd4 Nxe4 17. Qxc3 Nxc3 18. Bd3 Ne2+ 19. Bxe2 Bxb2 20. Bxa7 Bxa3 21. Ra1 Bb2 22. Rb1 Ra8 23. Be3 Ra1 24. Rxa1 Bxa1 25. Kf2 f5 26. Bb6 c5 27. Bb5 Kf7 28. Ba5 Bd5 29.
Bd3 Bd4+ 30. Kf1 Be4 31. g3 d5 32. Ke2 c4 33. Bxe4 fxe4 34. c3 Bc5 35. h3 h5 36. g4 Ke6 37. Bc7 Bd6 38. f5+ gxf5 39. Bxd6 exd6 40. gxh5 Kf6 41. h4 f4 42. Kf2 Kg7 43. Ke2 Kh6 0-1

[Event "*** Titled Tuesday 3|2 Blitz"]
[Site "Chess.com"]
[Date "2016.10.04"]
[Round "3"]
[White "michaelq2d5"]
[Black "iturrizaga"]
[Result "0-1"]
[WhiteElo "2519"]
[BlackElo "2588"]
[TimeControl "180+2"]
[EndTime "17:32:12 PDT"]
[Termination "iturrizaga won by resignation"]

1. d4 Nf6 2. c4 c5 3. d5 b5 4.
cxb5 a6 5. bxa6 g6 6. Nc3 Bxa6 7. g3 Bg7 8. Bg2 O-O 9. Nf3 d6 10.
Rb1 Nbd7 11. b3 Nb6 12. Bb2 Bb7 13. Nh4 Qd7 14. O-O Rfb8 15. Qd2 Qg4 16. e4 Ba6 17. Rfd1 Qc8 18. a4 Nbd7 19. Ba1 Rb4 20. Na2 Rb7 21. b4 Bc4 22. bxc5 Rxb1 23. Rxb1 Nxc5 24. Rb4 Ncxe4 25. Bxe4 Nxe4 26. Qc2 Bxa2 27. Qxc8+ Rxc8 28. Bxg7 Kxg7 29. Rxe4 Rc1+ 0-1

[Event "*** Titled Tuesday 3|2 Blitz"]
[Site "Chess.com"]
[Date "2016.10.04"]
[Round "3"]
[White "GulamaliRises"]
[Black "GGuseinov"]
[Result "0-1"]
[WhiteElo "2471"]
[BlackElo "2576"]
[TimeControl "180+2"]
[EndTime "17:32:25 PDT"]
[Termination "GGuseinov won by resignation"]

1. Nf3 Nf6 2. c4 g6 3. d4 Bg7 4. g3 O-O 5. Bg2 c5 6. d5 b5 7. cxb5 Qa5+ 8. Bd2 Qxb5 9. Bc3 Bb7 10. Na3 Qa6 11. Ne5 d6 12. Nec4 Nbd7 13. e4 Nb6 14. Na5 Nfxd5 15. Nxb7 Nxc3 16. Qd2 Qxb7 17. bxc3 Qa6 18. Nb1 Na4 19. Bf1 Qa5 0-1

[Event "*** Titled Tuesday 3|2 Blitz"]
[Site "Chess.com"]
[Date "2016.10.04"]
[Round "3"]
[White "Ar4uha"]
[Black "jlandaw"]
[Result "1-0"]
[WhiteElo "2478"]
[BlackElo "2279"]
[TimeControl "180+2"]
[EndTime "17:32:30 PDT"]
[Termination "Ar4uha won by resignation"]

1. e4 e5 2. Nf3 Nc6 3. d4 exd4 4. Nxd4 Nf6 5. Nxc6 bxc6 6. Bd3 d5 7. O-O dxe4 8.
Qe1 Be7 9. Bxe4 Nxe4 10. Qxe4 Qd5 11. Nc3 Qxe4 12. Nxe4 Bf5 13. Re1 O-O 14. Bf4 Rac8 15. Ng3 Be6 16. b3 Bb4 17. Red1 f6 18. Rd3 c5 19. Rad1 Kf7 20. c4 Ba5 21. Be3 Bb6 22. f3 Ke7 23. R3d2 f5 24. Bf4 h6 25. h4 Rfd8 26. Be5 g6 27. Rxd8 1-0

[Event "*** Titled Tuesday 3|2 Blitz"]
[Site "Chess.com"]
[Date "2016.10.04"]
[Round "3"]
[White "dretch"]
[Black "Izoria123"]
[Result "1-0"]
[WhiteElo "2654"]
[BlackElo "2565"]
[TimeControl "180+2"]
[EndTime "17:32:43 PDT"]
[Termination "dretch won by resignation"]

1. d4 Nf6 2. c4 g6 3. Nc3 Bg7 4.
e4 d6 5. Nf3 O-O 6. h3 c6 7.
Bg5 a6 8. Bd3 b5 9. O-O bxc4 10.
Bxc4 Nxe4 11. Nxe4 d5 12. Bd3 dxe4 13. Bxe4 Be6 14.
Re1 Re8 15. Qc2 Bd5 16. Bxd5 cxd5 17. Rac1 Nd7 18. Qc7 Nf6 19. Qxd8 Raxd8 20. Rc7 Ne4 21. Bxe7 Rc8 22. Rec1 Rb8 23. b3 f6 24. R1c6 a5 25.
g4 a4 26. b4 a3 27. Ra6 Bf8 28.
Bxf8 Rxf8 29. Raa7 Rfc8 30. Rg7+ Kf8 31. Rxh7 Kg8 32.
Rag7+ Kf8 33. Nh4 1-0

[Event "*** Titled Tuesday 3|2 Blitz"]
[Site "Chess.com"]
[Date "2016.10.04"]
[Round "3"]
[White "rithwik2002"]
[Black "ShimanovAlex"]
[Result "0-1"]
[WhiteElo "1962"]
[BlackElo "2592"]
[TimeControl "180+2"]
[EndTime "17:32:51 PDT"]
[Termination "ShimanovAlex won by checkmate"]

1. d4 Nf6 2. Bf4 d5 3. e3 Bf5 4. c4 e6 5. Nc3 c6 6. Qb3 Qc8 7. Nf3 Nbd7 8. h3 h6 9. Rc1 Be7 10. Be2 O-O 11. O-O Nb6 12. c5 Nbd7 13.
Qa4 Re8 14. b4 a6 15. Qb3 Bd8 16. a4 Bc7 17. Bxc7 Qxc7 18. b5 axb5 19. axb5 e5 20. bxc6 bxc6 21. Ra1 exd4 22. exd4 Rab8 23. Qa2 Ne4 24.
Nxe4 Bxe4 25. Rfc1 Bxf3 26. Bxf3 Nf8 27. Re1 Ne6 28. Qa4 g6 29. Rab1 h5 30. Be2 Rxb1 31.
Rxb1 Nxc5 32. dxc5 Rxe2 33. Qa8+ Kg7 34. Rb7 Re1# 0-1